 Dungeon Crawl Stone Soup version 0.18.1-6-gd335043 (webtiles) character file.

217 zeroDi the Cutter (level 5, -6/26 HPs)
             Began as a Vine Stalker Assassin on May 19, 2016.
             Mangled by an orc
             ... wielding a +0 flail
              (8 damage)
             ... on level 3 of the Dungeon.
             The game lasted 00:06:55 (1995 turns).

zeroDi the Cutter (Vine Stalker Assassin)           Turns: 1995, Time: 00:06:56

Health: -6/26      AC:  4    Str: 18    XL:     5   Next: 94%
Magic:  0/6        EV: 11    Int: 11    God:
Gold:   107        SH:  0    Dex: 17    Spells: 0 memorised, 4 levels left

rFire  . . .     SeeInvis .     a - +2 dagger
rCold  . . .     Gourm    .     c - +0 robe
rNeg   . . .     Faith    .     (no shield)
rPois  .         Spirit   +     (no helmet)
rElec  .         Dismiss  .     d - +1 cloak
rCorr  .         Reflect  .     (no gloves)
SustAt .         Harm     .     (no boots)
MR     .....                    (no amulet)
Stlth  +++.......               (no ring)
                                (no ring)

@: mighty, not resistant to hostile enchantments, fairly stealthy
A: fangs 2, regeneration 1, magic shield, antimagic bite, no device heal 3, rot
immunity
a: no special abilities


You were on level 3 of the Dungeon.
You were hungry.

You visited 1 branch of the dungeon, and saw 3 of its levels.

You collected 107 gold pieces.


Innate Abilities, Weirdness & Mutations

You have extremely sharp teeth.
Your natural rate of healing is unusually fast.
When hurt, damage is shared between your health and your magic reserves.
Your bite disrupts and absorbs the magic of your enemies.
Potions and wands cannot restore your health.
You are immune to rotting.


   Skills:
 - Level 1.7 Fighting
 + Level 5.4 Short Blades
 - Level 1.7 Throwing
 - Level 0.7 Dodging
 - Level 4.8 Stealth


You had 4 spell levels left.
You didn't know any spells.

Inventory:

Hand Weapons
 a - a +2 dagger (weapon)
 b - a +0 blowgun
Missiles
 e - 18 poisoned needles
 f - 2 curare-tipped needles {=f}
Armour
 c - a +0 robe (worn)
 d - a +1 cloak (worn)
Jewellery
 r - an uncursed ring of ice
Scrolls
 s - 2 scrolls of enchant armour
Potions
 i - a potion of berserk rage {unknown}
 j - 3 potions of curing {unknown}
 n - a potion of might
 p - 2 potions of agility {unknown}
Comestibles
 g - 2 bread rations
 l - 2 beef jerkies

Dungeon Overview and Level Annotations

Branches:
Dungeon (3/15)

Altars:

Annotations:
D:3 Terence

#.#.....#..
#.#.<##...#
#.#.####.##
#.#.)...... ###
#.#.#<..... ...
#.#.†..).## ..
#.#.#.####
#.########.#.#.#
#.(@o[(....?.#.#
##....(..#####.#
##.....## #.#
##...## #.#
##.... ..#
###### ..#


You could see an orc (inner flame).


Message History

The creatures around you are filled with an inner flame!
The orc hits you but does no damage.
You are feeling hungry.
Things that are here:
a poisoned needle; a club; a goblin skeleton
Things that are here:
a leather armour; a club You see here a poisoned needle.
You see here a scroll labeled KIONUX OMAUDU.
Read which item? (? for menu, Esc to quit)
Okay, then.
Drink which item? (? for menu, Esc to quit)
It was a potion of might.
You feel very mighty all of a sudden. The orc hits you with a flail.
* * * LOW HITPOINT WARNING * * *
You hit the orc.
The orc is almost dead.
The orc hits you with a flail!
You die...

Action                   |  1- 3 |  4- 6 || total
-------------------------+-------+-------++-------
Melee: Dagger            |    68 |   104 ||   172
       Bite              |    12 |    32 ||    44
 Fire: Blowgun           |     5 |    18 ||    23
  Use: Scroll            |       |     6 ||     6
       Potion            |       |     1 ||     1
 Stab: Sleeping          |     8 |     1 ||     9
  Eat: Chunk             |       |     3 ||     3
Armor: Robe              |     8 |    18 ||    26
Dodge: Dodged            |    27 |    45 ||    72

Vault maps used:
D:1:      minmay_arrival_radiant_lines, hex_medium, serial_park_tiny_pond
D:2:      minivault_27, serial_bayou_lagoon_a, uniq_natasha
D:3:      first_bread, minmay_item_behind_shaft, minivault_5, uniq_terence,
          uniq_iyjb

Notes
Turn   | Place    | Note
--------------------------------------------------------------
     0 | D:1      | zeroDi the Vine Stalker Assassin began the quest for the Orb.
     0 | D:1      | Reached XP level 1. HP: 11/11 MP: 2/2
   105 | D:1      | Reached skill level 2 in Short Blades
   139 | D:1      | Reached XP level 2. HP: 6/15 MP: 1/3
   444 | D:1      | Reached skill level 3 in Short Blades
   489 | D:1      | Reached XP level 3. HP: 18/18 MP: 2/4
   813 | D:2      | Noticed Natasha
   818 | D:2      | Killed Natasha
   975 | D:2      | Reached XP level 4. HP: 23/23 MP: 5/5
  1228 | D:2      | Noticed Natasha
  1278 | D:2      | Killed Natasha
  1278 | D:2      | Reached skill level 4 in Short Blades
  1702 | D:3      | Reached XP level 5. HP: 24/26 MP: 4/6
  1846 | D:2      | Reached skill level 5 in Short Blades
  1965 | D:3      | HP: 1/26 [orc/flail (5)]
  1984 | D:3      | Noticed Terence
  1985 | D:3      | HP: 1/26 [orc/flail (6)]
  1994 | D:3      | HP: 2/26 [orc/flail (1)]
  1995 | D:3      | Mangled by an orc

Vanquished Creatures
  3 orc wizards
  Natasha (twice) (D:2)
  2 adders
  A worm (D:3)
  5 orcs (D:3)
  3 bats
  2 giant cockroaches
  10 goblins
  4 hobgoblins
  4 jackals (D:1)
  8 kobolds
  A quokka (D:3)
  2 ball pythons (D:2)
  7 giant newts
  3 rats
57 creatures vanquished.
